 Dungeon Crawl Stone Soup version 0.22.0-13-g43fe8f2 (console) character file.

1003 thesubatomic the Magician (level 8, -23/58 HPs)
             Began as a Gnoll Wizard on Aug 16, 2018.
             Was a Follower of Sif Muna.
             Annihilated by a large slime creature (38 damage)
             ... on level 5 of the Dungeon.
             The game lasted 00:21:09 (6983 turns).

thesubatomic the Magician (Gnoll Wizard)            Turns: 6983, Time: 00:21:10

Health: -23/58     AC:  2    Str: 10    XL:     8   Next: 20%
Magic:  13/19      EV: 15    Int: 22    God:    Sif Muna [*.....]
Gold:   218        SH:  0    Dex: 14    Spells: 16/22 levels left

rFire    . . .     SeeInvis .   B - staff of summoning
rCold    . . .     Gourm    .   (no shield)
rNeg     . . .     Faith    .   a - +0 robe
rPois    +         Spirit   .   b - +0 hat
rElec    .         Reflect  .   (no cloak)
rCorr    .         Harm     .   (no gloves)
MR       .....                  (no boots)
Stlth    +++.......             (no amulet)
HPRegen  0.19/turn              j - ring of wizardry
MPRegen  0.16/turn              x - ring of poison resistance

@: no status effects
A: distributed training, fangs 1, strong nose
a: Divine Energy, Renounce Religion


You were on level 5 of the Dungeon.
You worshipped Sif Muna.
Sif Muna was aware of your devotion.
You were not hungry.

You visited 1 branch of the dungeon, and saw 5 of its levels.

You collected 218 gold pieces.

Inventory:

Hand Weapons
 u - a +0 whip
Armour
 a - a +0 robe (worn)
 b - a +0 hat (worn)
 v - the +3 ring mail of the Depths {+Fly Str+2 Int+4, unknown}
   (You took it off a gnoll on level 4 of the Dungeon)

   It affects your strength (+2).
   It affects your intelligence (+4).
   It lets you fly.
Magical Staves
 B - an uncursed staff of summoning (weapon)
Jewellery
 j - a ring of wizardry (left hand)
 x - a ring of poison resistance (right hand)
Wands
 o - a wand of paralysis (10)
 r - a wand of scattershot (6)
Scrolls
 c - a scroll of random uselessness {unknown}
 e - 3 scrolls of noise {unknown}
 k - 3 scrolls of remove curse {unknown}
 l - 3 scrolls of teleportation {unknown}
 p - 2 scrolls of identify {unknown}
 s - a scroll of magic mapping {unknown}
 t - a scroll of fear {unknown}
 w - a scroll of amnesia {unknown}
 y - a scroll of immolation {unknown}
Potions
 f - 3 potions of heal wounds {unknown}
 g - a potion of flight {unknown}
 h - 3 potions of lignification {unknown}
 i - a potion of magic {unknown}
 m - a potion of resistance {unknown}
 n - a potion of degeneration {unknown}
 q - a potion of might {unknown}
 A - 2 potions of curing {unknown}
Comestibles
 d - 6 rations


   Skills:
 + Level 3.0 Fighting
 + Level 3.0 Short Blades
 + Level 3.0 Long Blades
 + Level 3.0 Axes
 + Level 3.0 Maces & Flails
 + Level 3.0 Polearms
 + Level 3.0 Staves
 + Level 3.0 Slings
 + Level 3.0 Bows
 + Level 3.0 Crossbows
 + Level 3.0 Throwing
 + Level 3.0 Armour
 + Level 5.5 Dodging
 + Level 5.2 Stealth
 + Level 3.0 Shields
 + Level 3.0 Unarmed Combat
 + Level 7.8 Spellcasting
 + Level 3.3 Conjurations
 + Level 2.4 Hexes
 + Level 2.4 Charms
 + Level 3.3 Summonings
 + Level 2.4 Necromancy
 + Level 3.3 Translocations
 + Level 2.4 Transmutations
 + Level 2.4 Fire Magic
 + Level 2.4 Ice Magic
 + Level 2.4 Air Magic
 + Level 2.4 Earth Magic
 + Level 2.4 Poison Magic
 + Level 3.3 Invocations
 + Level 3.0 Evocations


You had 16 spell levels left.
You knew the following spells:

 Your Spells              Type           Power        Failure   Level  Hunger
a - Magic Dart            Conj           ###.         1%          1    None
b - Call Imp              Summ           ####....     1%          2    None
c - Mephitic Cloud        Conj/Pois/Air  ###.....     3%          3    None

Your spell library contained the following spells:

 Spells                   Type           Power        Failure   Level  Hunger
 Conjure Flame            Conj/Fire      ###.....     2%          3    None
 Slow                     Hex            ###.....     1%          2    None
 Blink                    Tloc           N/A          1%          2    None


Dungeon Overview and Level Annotations

Branches:
Dungeon (5/15)             Temple (0/1) D:5

Altars:
Ashenzari
Cheibriados
Gozag
Okawaru
Ru
Sif Muna
Uskayaw
Wu Jian
Zin

Annotations:
D:3 3 runed doors, OneManBand's ghost, amateur HuMo; miscthings's ghost, amateur TeWr; narcow's ghost, amateur TrMo; srs's ghost, amateur GnFi
D:4 3 runed doors, Grinder


Innate Abilities, Weirdness & Mutations

Your experience applies equally to all skills.
You have very sharp teeth.
Your uncanny sense of smell can sniff out nearby items.


Message History

The puff of frost hits the large slime creature.
There is a stone staircase leading up here.
Your crimson imp hits the large slime creature.
The large slime creature hits your white imp!
Your white imp dies!
Your crimson imp hits the large slime creature.
Casting: Call Imp (safe; 1% risk of failure)
Confirm with . or Enter, or press ? or * to list all spells.
You feel a surge of power!
A metallic apparition takes form in the air.
Your iron imp hits the large slime creature!
The large slime creature jiggles.
Casting: Call Imp (safe; 1% risk of failure)
Confirm with . or Enter, or press ? or * to list all spells.
You feel a surge of power!
A beastly little devil appears in a puff of flame.
Your crimson imp blinks!
The large slime creature hits you!!!
Ouch! That really hurt!
You die...

#..######.#
#.......#.#
#.#####.#.# #.#
#.#.## #.# #.#..#
#######.# ##.##.#
......[.# #.#..5#
######### ##.##5#
####.# #J# #@#
########5#
#........#
#########.####...#
............##.###
.########.#.##.#
.# #.#.##.# .#
#.#.##.# .#
#####.#.##.#
.####(....#.##.#
.......####.##.#


You could see a large slime creature, a friendly iron imp and 2 friendly crimson
imps.

Vanquished Creatures
  A slime creature (D:5)
  A phantom (D:5)
  A scorpion (D:5)
  A howler monkey (D:3)
  A quasit (D:5)
  2 hounds
  4 worker ants
  4 gnolls
  3 oozes
  A dart slug (D:1)
  2 worms
  5 leopard geckos
  11 orcs
  A ball python (D:2)
  5 giant cockroaches
  6 goblins
  6 hobgoblins
  3 jackals
  A quokka (D:2)
  6 bats
  4 frilled lizards
  6 kobolds
  A quokka skeleton (D:5)
  7 rats
83 creatures vanquished.

Vanquished Creatures (collateral kills)
  A sky beast (D:5)
  A phantom (D:4)
  2 ogres
  3 big kobolds (D:5)
  A jelly (D:5)
  2 orc wizards
  A hound (D:4)
  A worker ant (D:5)
  3 gnolls
  4 adders
  2 oozes (D:5)
  5 orcs (D:5)
  A ball python (D:5)
  2 kobolds (D:5)
29 creatures vanquished.

Vanquished Creatures (others)
  5 fungi (D:5)
  12 toadstools (D:5)
  2 withered plants (D:3)
19 creatures vanquished.

Grand Total: 131 creatures vanquished

Notes
Turn   | Place    | Note
-------+----------+-------------------------------------------
     0 | D:1      | thesubatomic the Gnoll Wizard began the quest for the Orb.
     0 | D:1      | Reached XP level 1. HP: 13/13 MP: 8/8
   290 | D:1      | Reached XP level 2. HP: 19/19 MP: 7/10
   347 | D:1      | Learned a level 2 spell: Call Imp
  1080 | D:2      | Reached XP level 3. HP: 25/25 MP: 8/11
  1142 | D:2      | Learned a level 3 spell: Mephitic Cloud
  1229 | D:2      | Found a hide-covered altar of Uskayaw.
  1441 | D:2      | Found an opulent altar of Gozag.
  1441 | D:2      | Found a glowing silver altar of Zin.
  1515 | D:2      | Reached skill level 1 in Invocations
  1813 | D:2      | Found a deep blue altar of Sif Muna.
  1929 | D:2      | Became a worshipper of Sif Muna the Loreminder
  1974 | D:3      | Found a runed gate.
  1974 | D:3      | Found a runed gate.
  1974 | D:3      | Found a runed gate.
  1974 | D:3      | Noticed miscthings's ghost (amateur TeWr)
  1975 | D:3      | Noticed narcow's ghost (amateur TrMo)
  1975 | D:3      | Noticed OneManBand's ghost (amateur HuMo)
  1977 | D:3      | Noticed srs's ghost (amateur GnFi)
  2040 | D:3      | Reached skill level 1 in Fighting
  2040 | D:3      | Reached skill level 1 in Short Blades
  2040 | D:3      | Reached skill level 1 in Long Blades
  2040 | D:3      | Reached skill level 1 in Axes
  2040 | D:3      | Reached skill level 1 in Maces & Flails
  2040 | D:3      | Reached skill level 1 in Polearms
  2040 | D:3      | Reached skill level 1 in Staves
  2040 | D:3      | Reached skill level 1 in Slings
  2040 | D:3      | Reached skill level 1 in Bows
  2040 | D:3      | Reached skill level 1 in Crossbows
  2040 | D:3      | Reached skill level 1 in Throwing
  2040 | D:3      | Reached skill level 1 in Armour
  2040 | D:3      | Reached skill level 1 in Shields
  2040 | D:3      | Reached skill level 1 in Unarmed Combat
  2040 | D:3      | Reached skill level 1 in Evocations
  2182 | D:3      | HP: 1/26 [orc (4)]
  2183 | D:3      | Reached XP level 4. HP: 1/32 MP: 0/13
  2792 | D:3      | Reached skill level 1 in Hexes
  2792 | D:3      | Reached skill level 1 in Charms
  2792 | D:3      | Reached skill level 1 in Necromancy
  2792 | D:3      | Reached skill level 1 in Transmutations
  2792 | D:3      | Reached skill level 1 in Fire Magic
  2792 | D:3      | Reached skill level 1 in Ice Magic
  2792 | D:3      | Reached skill level 1 in Air Magic
  2792 | D:3      | Reached skill level 1 in Earth Magic
  2792 | D:3      | Reached skill level 1 in Poison Magic
  3075 | D:3      | Found an iron altar of Okawaru.
  3121 | D:3      | Reached XP level 5. HP: 37/37 MP: 7/14
  3581 | D:4      | Found a runed gate.
  3583 | D:4      | Found a runed gate.
  3584 | D:4      | Found a runed gate.
  3710 | D:4      | Noticed a phantom
  3818 | D:4      | Killed a phantom
  3818 | D:4      | Reached XP level 6. HP: 23/44 MP: 1/16
  4068 | D:4      | Noticed Grinder
  4180 | D:4      | Reached skill level 5 in Dodging
  4249 | D:4      | Reached * piety under Sif Muna
  4255 | D:4      | Got a smelly ring mail
  4610 | D:4      | Found a shattered altar of Ashenzari.
  4968 | D:5      | Entered Level 5 of the Dungeon
  4970 | D:5      | Noticed a sky beast
  5073 | D:5      | Found a staircase to the Ecumenical Temple.
  5285 | D:5      | Killed a sky beast
  5285 | D:5      | Reached XP level 7. HP: 42/50 MP: 10/18
  5664 | D:5      | Found a snail-covered altar of Cheibriados.
  5664 | D:5      | Found a sacrificial altar of Ru.
  6350 | D:5      | Found an ornate altar of the Wu Jian Council.
  6407 | D:5      | Reached skill level 5 in Stealth
  6445 | D:5      | Reached XP level 8. HP: 36/57 MP: 4/19
  6548 | D:5      | Noticed a slime creature
  6646 | D:5      | Noticed a slime creature
  6700 | D:5      | Killed a slime creature
  6983 | D:5      | Annihilated by a large slime creature

Skill      XL: |  1  2  3  4  5  6  7  8 |
---------------+-------------------------+-----
Conjurations   | 2 3 |  3.3
Summonings     | 2 3 |  3.3
Translocations | 2 3 |  3.3
Invocations    | 1 2 3 |  3.3
Fighting       | 1 2 3 |  3.0
Short Blades   | 1 2 3 |  3.0
Long Blades    | 1 2 3 |  3.0
Axes           | 1 2 3 |  3.0
Maces & Flails | 1 2 3 |  3.0
Polearms       | 1 2 3 |  3.0
Staves         | 1 2 3 |  3.0
Slings         | 1 2 3 |  3.0
Bows           | 1 2 3 |  3.0
Crossbows      | 1 2 3 |  3.0
Throwing       | 1 2 3 |  3.0
Armour         | 1 2 3 |  3.0
Shields        | 1 2 3 |  3.0
Unarmed Combat | 1 2 3 |  3.0
Evocations     | 1 2 3 |  3.0
Hexes          | 1 2 |  2.4
Charms         | 1 2 |  2.4
Necromancy     | 1 2 |  2.4
Transmutations | 1 2 |  2.4
Fire Magic     | 1 2 |  2.4
Ice Magic      | 1 2 |  2.4
Air Magic      | 1 2 |  2.4
Earth Magic    | 1 2 |  2.4
Poison Magic   | 1 2 |  2.4
Dodging        | 5 |  5.5
Stealth        | 5 |  5.2
Spellcasting   | |  7.8

Action                   |  1- 3 |  4- 6 |  7- 9 || total
-------------------------+-------+-------+-------++-------
Melee: Unarmed           |     5 |    11 |       ||    16
       Bite              |       |     1 |     7 ||     8
       Whip              |       |     3 |    12 ||    15
       Staff             |       |       |    36 ||    36
       Punch             |       |       |     1 ||     1
 Cast: Magic Dart        |    79 |    99 |    28 ||   206
       Mephitic Cloud    |     6 |     9 |     9 ||    24
       Call Imp          |     1 |    31 |    38 ||    70
 Stab: Confused          |       |     3 |     8 ||    11
       Sleeping          |       |     1 |       ||     1
       Distracted        |       |       |     1 ||     1
  Eat: Chunk             |     4 |     6 |     2 ||    12
       Ration            |       |     1 |     1 ||     2
Armor: Robe              |     2 |     2 |     9 ||    13
Dodge: Dodged            |    20 |    25 |    64 ||   109
